Unix NetHack Version 5.0.0-0 post-release - last build Jul 19 2026 19:10:59 (3aa4ab31751d3886436d94b585a96704892fd477,branch:main).

Game began 2026-07-28 23:20:03, ended 2026-07-28 23:47:19.

Jinnora, lawful female human Archeologist

                              -----------      ---------        --------
        ----------------      |.......@..      |.<.....|       #-).....|
        |..............|      |.........-##(###.........#      #|......|
        |...............##   #....(.....|      -----.---#      #|......|
       #...............|# # ##------.----               #      #|......|
       #|...............   ###      #                   #      #|......|
       #--------.-------  ##        #                   #      #--------
       #        #         #        ##                   #      ##)#
       #        #    ######    #####                    #         #
       #        #    #                                  #         #
       #     ---.--###                                #######     #
 ------#     |.....#                                  #-----.-----#
 |%/).|#     |....|                                   #|.........|#
 |?.?.|#     |.....                                   #..(.......|#
 |!?!.|#     ------                        ########### ||........|#
 |([%.-#                                             ##...........#
 |]%?.|                                                |.........|
 ------                                                -----------

Jinnora the Field Worker   St:13 Dx:9 Co:12 In:17 Wi:17 Ch:11  Lawful
Dlvl:5  $:0  HP:0(32) Pw:19(19) AC:7  Xp:4/125 T:3966  Hungry   Blind

Latest messages:
 You miss the iguana.
 The iguana bites!
 You hit the iguana.
 You knock the iguana back with a powerful blow!
 You kill the iguana!
 You see here an iguana corpse.
 There is an iguana corpse here; eat it? [ynq] (n) y
 This iguana corpse is tough.
 You finish eating the iguana corpse.
 You hear someone cursing shoplifters.
 You stop searching.
 You see here a locked chest.
 You hit the gecko.
 You knock the gecko backward with a forceful blow!
 You kill the gecko!
 You see here a gecko corpse.
 There is a gecko corpse here; eat it? [ynq] (n) y
 This gecko corpse tastes terrible!
 You finish eating the gecko corpse.
 You stop searching.
 You are beginning to feel hungry.
 You descend the stairs.
 The rothe hits!
 The rothe bites!
 The rothe bites again!
 You hit the rothe.
 The rothe hits!
 The rothe bites!
 The rothe bites again!
 You miss the rothe.
 The rothe just misses!
 The rothe bites!
 The rothe misses!
 You miss the rothe.
 The rothe hits!
 The rothe bites!
 The rothe bites again!
 You hit the rothe.
 The rothe misses!
 The rothe just misses!
 The rothe bites!
 You climb up the stairs.
 What do you want to drink? [nyCIL or ?*] C
 A cloud of darkness falls upon you.
 You feel an unseen monster!
 You hit it.
 You hit it.
 It bites!
 You die...
 Do you want your possessions identified? [ynq] (y) q

Inventory:
 Weapons  (')')
  x - 3 uncursed +0 daggers (at the ready)
  a - an uncursed +2 bullwhip (alternate weapon; not wielded)
 Armor    ('[')
  J - an uncursed +0 helm of brilliance (being worn)
  r - an uncursed +0 cloak of displacement (being worn)
  b - an uncursed +0 leather jacket (being worn)
 Comestibles  ('%')
  o - 3 uncursed carrots
  z - an uncursed cream pie
  d - an uncursed food ration
  D - an uncursed melon
  m - an uncursed lichen corpse
 Scrolls  ('?')
  Q - a blessed scroll of enchant armor
 Potions  ('!')
  I - a blessed potion of invisibility
  y - an uncursed potion of levitation
  L - an uncursed potion of object detection
  n - an uncursed potion of sleeping
 Rings    ('=')
  F - an uncursed ring of fire resistance
 Wands    ('/')
  M - an uncursed wand of polymorph (0:3)
 Tools    ('(')
  s - an uncursed bag of holding containing 18 items
  B - an uncursed magic whistle
  e - an uncursed +0 pick-axe (weapon in right hand)
 Gems/Stones  ('*')
  g - an uncursed touchstone

Contents of the bag of holding:
  1233 gold pieces
  an uncursed +3 katana
  an uncursed +0 fedora
  a blessed +0 shield of shock resistance
  5 uncursed food rations
  2 uncursed lichen corpses
  an uncursed scroll of blank paper
  an uncursed scroll of amnesia
  an uncursed scroll of food detection
  an uncursed scroll of magic mapping
  an uncursed spellbook of confuse monster
  an uncursed potion of water
  an empty uncursed sack
  an uncursed mirror
  an uncursed tin opener
  an uncursed tinning kit (0:69)
  an uncursed fluorite stone
  an uncursed worthless piece of white glass

Jinnora the Archeologist's attributes:

Background:
 You were a Field Worker, a level 4 female human Archeologist.
 You were lawful, on a mission for Quetzalcoatl
 who was opposed by Camaxtli (neutral) and Huhetotl (chaotic).
 You were right-handed.
 You were in the Dungeons of Doom, on level 5.
 You entered the dungeon 3966 turns ago.
 It was nighttime.
 You had 125 experience points, 35 more were needed to attain level 5.

Basics:
 You had 0 out of 32 hit points.
 You had all 19 energy points (spell power).
 Your armor class was 7.
 Your wallet was empty, but
 you had 1233 zorkmids stashed away in your pack.
 Autopickup was off.

Final Characteristics:
 Your strength was 13 (limit:18/100).
 Your dexterity was 9 (limit:18).
 Your constitution was 12 (limit:18).
 Your intelligence was 17 (limit:18).
 Your wisdom was 17 (limit:18).
 Your charisma was 11 (limit:18).

Final Status:
 You were temporarily blind.
 You were hungry.
 You were unencumbered.
 You were wielding a pick-axe.
 You had basic skill with pick-axe.

Final Attributes:
 You were piously aligned.
 You had automatic searching.
 You were displaced.
 You were warded.
 You are dead.

Miscellaneous:
 You didn't encounter any bones levels.
 Total elapsed playing time was 27 minutes and 15 seconds.

Major events:
 Turn
    1: Jinnora the lawful female human Archeologist entered the dungeon
 2055: entered the Gnomish Mines
 2511: attained the rank of Field Worker (level 3)
 3966: killed by a rock mole

You didn't know any spells.

Skills:
 Fighting Skills
   bare handed combat [Unskilled]
   two weapon combat  [Unskilled]
   riding             [Unskilled]
 Weapon Skills
   dagger             [Unskilled]
   knife              [Unskilled]
   pick-axe           [Basic]
   short sword        [Unskilled]
   saber              [Unskilled]
   club               [Unskilled]
   quarterstaff       [Unskilled]
   sling              [Unskilled]
   dart               [Unskilled]
   boomerang          [Unskilled]
   whip               [Basic]
   unicorn horn       [Unskilled]
 Spellcasting Skills
   attack spells      [Unskilled]
   healing spells     [Unskilled]
   divination spells  [Unskilled]
   matter spells      [Unskilled]

Voluntary challenges:
 Character rerolling was not enabled.
 You never genocided any monsters.
 You never polymorphed an object.
 You never changed form.
 You used no wishes.
Achievements:
 You entered a shop.
 You entered the Gnomish Mines.
 You attained the rank of Field Worker.

 The Dungeons of Doom: levels 1 to 7
    Level 1:
       Many fountains.
    Level 2:
       A general store, a fountain.
    Level 3:
       A ring shop, an altar, a fountain, some graves.
    Level 4:
       Stairs down to The Gnomish Mines.
    Level 5: <- You were here.
       A general store, a grave.
       Final resting place for
          you, killed by a rock mole.
    Level 6:
       Many fountains.
    Level 7:
 The Gnomish Mines:
    Level 5:


Vanquished creatures:
  a rock mole
 an elf zombie
  a paper golem
  a giant ant
  5 floating eyes
  3 hill orcs
  2 rothes
  a giant bat
 an orc zombie
  4 iguanas
  3 acid blobs
  a coyote
  3 hobbits
  a cave spider
  a green mold
  a red mold
  a gnome
  4 geckos
  a jackal
  a kobold
  3 goblins
  a sewer rat
  5 grid bugs
  5 lichens
  2 kobold zombies
 10 newts
63 creatures vanquished.

No species were genocided or became extinct.

Game over:
                       ----------
                      /          \
                     /    REST    \
                    /      IN      \
                   /     PEACE      \
                  /                  \
                  |     Jinnora      |
                  |     1233 Au      |
                  | killed by a rock |
                  |       mole       |
                  |                  |
                  |                  |
                  |       2026       |
                 *|     *  *  *      | *
        _________)/\\_//(\/(/\)/\//\/|_)_______

Goodbye Jinnora the Archeologist...

You died in The Dungeons of Doom on dungeon level 5 with 1920 points,
and 1233 pieces of gold, after 3966 moves.
You were level 4 with a maximum of 32 hit points when you died.

